 Dungeon Crawl Stone Soup version 0.19.5 (webtiles) character file.

58 Rozenbaumfricks the Skirmisher (level 3, -3/29 HPs)
             Began as a Demonspawn Fighter on Apr 18, 2017.
             Slain by Rozenbaumfricks's ghost (9 damage)
             ... on level 3 of the Dungeon.
             The game lasted 00:03:57 (1363 turns).

Rozenbaumfricks the Skirmisher (Demonspawn Fighter) Turns: 1363, Time: 00:03:57

Health: -3/29      AC:  8    Str: 22    XL:     3   Next: 76%
Magic:  0/3        EV:  7    Int: 14    God:
Gold:   123        SH:  9    Dex: 12    Spells: 0 memorised, 2 levels left

rFire  . . .     SeeInvis .     a - +0 long sword
rCold  . . .     Gourm    .     b - +0 scale mail
rNeg   . . .     Faith    .     c - +0 shield
rPois  .         Spirit   +     (no helmet)
rElec  .         Reflect  .     (no cloak)
rCorr  .         Harm     .     n - +0 pair of gloves
MR     .....                    (no boots)
Stlth  ..........               (no amulet)
                                (no ring)
                                (no ring)

@: mighty, brilliant
A: magic shield, rot immunity
a: no special abilities


You were on level 3 of the Dungeon.
You were not hungry.

You visited 1 branch of the dungeon, and saw 3 of its levels.

You collected 123 gold pieces.

Inventory:

Hand Weapons
 a - a +0 long sword (weapon)
Armour
 b - a +0 scale mail (worn)
 c - a +0 shield (worn)
 n - a +0 pair of gloves (worn)
Scrolls
 i - 4 scrolls of remove curse
 j - a scroll of enchant weapon {unknown}
 k - a scroll of teleportation {unknown}
 l - a scroll of identify {unknown}
 m - a scroll of immolation {unknown}
Potions
 e - 2 potions of heal wounds
 h - a potion of berserk rage {unknown}
 p - a potion of ambrosia {unknown}
 r - a potion of invisibility {unknown}
Comestibles
 f - 3 bread rations
 o - a meat ration
 q - a royal jelly
 s - a chunk of flesh


   Skills:
 + Level 3.3 Fighting
 + Level 2.4 Long Blades
 + Level 3.3 Armour
 + Level 3.1 Shields


You had 2 spell levels left.
You didn't know any spells.

Dungeon Overview and Level Annotations

Branches:
Dungeon (3/15)

Altars:
Hepliaklqana
Nemelex Xobeh
Sif Muna
Trog

Annotations:
D:3 Rozenbaumfricks's ghost, amateur DsFi


Innate Abilities, Weirdness & Mutations

When hurt, damage is shared between your health and your magic reserves.
You are immune to rotting.


Message History

You hit Rozenbaumfricks's ghost but do no damage.
Rozenbaumfricks's ghost is lightly damaged.
Rozenbaumfricks's ghost closely misses you.
You closely miss Rozenbaumfricks's ghost.
Rozenbaumfricks's ghost is lightly damaged.
Rozenbaumfricks's ghost hits you.
Rozenbaumfricks's ghost hits you but does no damage.
You closely miss Rozenbaumfricks's ghost.
Rozenbaumfricks's ghost is lightly damaged.
Rozenbaumfricks's ghost hits you but does no damage.
You closely miss Rozenbaumfricks's ghost.
Rozenbaumfricks's ghost is lightly damaged.
Rozenbaumfricks's ghost says, "You cannot hurt me!"
You block Rozenbaumfricks's ghost's attack.
You barely miss Rozenbaumfricks's ghost.
Rozenbaumfricks's ghost is lightly damaged.
Rozenbaumfricks's ghost hits you.
* * * LOW HITPOINT WARNING * * *
Rozenbaumfricks's ghost hits you!
You die...

..###.# .....#
#..... #....#
#....# #
#....##.#
#.......#
#..@..#
.......W.......
..##.....####..
#......
.......##
..#....##
..##..?.# ..
#..$##


You could see Rozenbaumfricks's ghost.

Vanquished Creatures
  An ooze (D:1)
  2 worms (D:2)
  2 leopard geckos (D:1)
  A ball python (D:1)
  A giant cockroach (D:2)
  8 goblins
  4 hobgoblins
  4 jackals
  4 bats
  3 frilled lizards (D:1)
  10 kobolds
  7 rats
47 creatures vanquished.

Notes
Turn   | Place    | Note
-------+----------+-------------------------------------------
     0 | D:1      | Rozenbaumfricks the Demonspawn Fighter began the quest for the Orb.
     0 | D:1      | Reached XP level 1. HP: 18/18 MP: 1/1
   121 | D:1      | Gained mutation: When hurt, damage is shared between your health and your magic reserves. [demonic ancestry]
   121 | D:1      | Reached XP level 2. HP: 24/24 MP: 2/2
   469 | D:1      | Gained mutation: You are immune to rotting. [demonic ancestry]
   469 | D:1      | Reached XP level 3. HP: 29/29 MP: 3/3
   946 | D:2      | Found a hazy altar of Hepliaklqana.
  1124 | D:2      | Found a sparkling altar of Nemelex Xobeh.
  1124 | D:2      | Found a bloodstained altar of Trog.
  1124 | D:2      | Found a deep blue altar of Sif Muna.
  1351 | D:3      | Noticed Rozenbaumfricks's ghost (amateur DsFi)
  1363 | D:3      | Slain by Rozenbaumfricks's ghost

Skill      XL: |  1  2  3 |
---------------+----------+-----
Armour         | 3 |  3.3
Long Blades    | 2 |  2.4
Shields        | 3 |  3.1
Fighting       | |  3.3

Action                   || total
-------------------------++-------
Melee: Long sword        ||   140
  Use: Potion            ||     2
       Scroll            ||     1
  Eat: Chunk             ||     2
Armor: Scale mail        ||    58
Dodge: Dodged            ||    38
Block: Shield            ||    63
       Rpst.: Long sword ||    10
